 Dungeon Crawl Stone Soup version 0.23.2-1-ga50397a6bc (webtiles) character file.

Game seed: 1711024255749453826

6372 Nattfarinn the Covert (level 10, -7/80 HPs)
             Began as a Vampire Enchanter on May 30, 2019.
             Was a Believer of Kikubaaqudgha.
             Mangled by a two-headed ogre
             ... wielding a +0 giant club
              (14 damage)
             ... on level 10 of the Dungeon.
             The game lasted 00:41:44 (15476 turns).

Nattfarinn the Covert (Vampire Enchanter)          Turns: 15476, Time: 00:41:45

Health: -7/80      AC:  7    Str:  7    XL:     10   Next: 65%
Magic:  7/21       EV: 13    Int: 18    God:    Kikubaaqudgha [**....]
Gold:   468        SH:  0    Dex: 18    Spells: 14/23 levels left

rFire    . . .     SeeInvis +   L - +1 dagger (venom)
rCold    + + +     Gourm    .   (no shield)
rNeg     + + +     Faith    .   K - +2 robe {rC+}
rPois    ∞         Spirit   .   A - +1 helmet
rElec    .         Reflect  .   (no cloak)
rCorr    +         Harm     .   y - +0 pair of gloves
MR       +....                  (no boots)
Stlth    +++++++...             (no amulet)
HPRegen  0.00/turn              f - ring of resist corrosion
MPRegen  0.17/turn              I - ring of flight

@: bloodless, non-regenerating
A: fangs 3, see invisible, unbreathing
a: Bat Form, Receive Corpses, Renounce Religion, Evoke Flight


You were on level 10 of the Dungeon.
You worshipped Kikubaaqudgha.
Kikubaaqudgha was pleased with you.
You were bloodless.

You visited 2 branches of the dungeon, and saw 11 of its levels.
You also visited: Sewer.

You collected 468 gold pieces.

Inventory:

Hand Weapons
 a - a +1 dagger
 d - a +1 short sword of draining
 E - the +2 arbalest "Newt's Nightmare" {venom, rPois Str-5 Int+5 Dex+3}
   (You found it on level 7 of the Dungeon)

   It poisons the ammo it fires.
   It affects your strength (-5).
   It affects your intelligence (+5).
   It affects your dexterity (+3).
   It protects you from poison.
 L - a +1 dagger of venom (weapon)
Armour
 y - a +0 pair of gloves (worn)
 A - a +1 helmet (worn)
 K - a +2 robe of cold resistance (worn)
Jewellery
 b - a +3 ring of dexterity {unknown}
 f - a ring of resist corrosion (left hand)
 I - a ring of flight (right hand)
Wands
 r - a wand of polymorph (9)
 w - a wand of iceblast (38)
 D - a wand of flame (8)
Scrolls
 c - 2 scrolls of noise {unknown}
 e - 3 scrolls of fear {unknown}
 l - 4 scrolls of remove curse
 m - 4 scrolls of amnesia
 n - 3 scrolls of teleportation {unknown}
 s - a scroll of silence {unknown}
 t - 3 scrolls of magic mapping
 u - 4 scrolls of blinking {unknown}
 B - 3 scrolls of identify
 C - a scroll of fog {unknown}
 G - 2 scrolls of enchant weapon {unknown}
Potions
 g - a potion of cancellation {unknown}
 h - 6 potions of curing
 i - 4 potions of heal wounds
 j - 6 potions of lignification
 k - 2 potions of berserk rage
 o - 5 potions of flight {unknown}
 p - 3 potions of resistance {unknown}
 q - 13 potions of blood
 v - 5 potions of agility
 x - a potion of brilliance {unknown}
 z - a potion of might {unknown}
 F - a potion of degeneration {unknown}
 H - a potion of mutation {unknown}
 J - a potion of magic {unknown}


   Skills:
 * Level 8.2 Fighting
 + Level 7.0 Short Blades
 - Level 2.1 Dodging
 - Level 10.7 Stealth
 + Level 7.4 Spellcasting
 - Level 10.0 Hexes


You had 14 spell levels left.
You knew the following spells:

 Your Spells              Type           Power        Failure   Level  Hunger
a - Corona                Hex            #####..      1%          1    None
b - Ensorcelled Hibernat  Hex/Ice        ###...       1%          2    None
c - Confuse               Hex            #####...     1%          3    #......
d - Tukima's Dance        Hex            #####...     1%          3    #......

Your spell library contained the following spells:

 Spells                   Type           Power        Failure   Level  Hunger
 Confusing Touch          Hex            #####.       1%          1    None
 Dazzling Spray           Conj/Hex       ###...       4%          3    #......
 Spectral Weapon          Hex/Chrm       ###.....     4%          3    #......
 Animate Skeleton         Necr           N/A          11%         1    None
 Apportation              Tloc           #.....       11%         1    None
 Infusion                 Chrm           #...         11%         1    None
 Pain                     Necr           #...         11%         1    None
 Summon Butterflies       Summ           #.......     11%         1    None
 Shroud of Golubria       Chrm/Tloc      #.........   16%         2    None
 Song of Slaying          Chrm           #.......     16%         2    None
 Sublimation of Blood     Necr           #.........   16%         2    None
 Invisibility             Hex            #####...     26%         6    ######.
 Gell's Gravitas          Tloc           #.........   30%         3    #......
 Lesser Beckoning         Tloc           #.........   30%         3    #......
 Regeneration             Chrm/Necr      #.........   30%         3    #......
 Vampiric Draining        Necr           #.........   30%         3    #......
 Metabolic Englaciation   Hex/Ice        ###.......   36%         5    #####..
 Yara's Violent Unravell  Hex/Tmut       ###.......   36%         5    #####..
 Petrify                  Tmut/Erth      #.......     71%         4    ###....
 Alistair's Intoxication  Tmut/Pois      #.......     96%         5    #####..


Dungeon Overview and Level Annotations

Branches:
Dungeon (10/15)            Temple (1/1) D:7            Lair (0/6) D:8
    Orc: D:9-12

Altars:
Ashenzari
Cheibriados
Dithmenos
Elyvilon
Gozag
Hepliaklqana
Kikubaaqudgha
Makhleb
Qazlal
Ru
Sif Muna
Trog
Uskayaw
Vehumet
Yredelemnul
Zin
The Shining One

Shops:
D:9 *[

Annotations:
D:4 Grinder
D:6 3 runed translucent doors, hofbold's ghost, novice VSSu


Innate Abilities, Weirdness & Mutations

You do not heal naturally.
You are immune to poison.
You have razor-sharp teeth.
You have supernaturally acute eyesight. (SInv)
You can survive without breathing.


Message History

Press: ? - help, Shift-Dir - straight line, f/p - two-headed ogre
Aim: a two-headed ogre, wielding a +0 giant club (heavily wounded, chance to defeat MR: 50%)
The two-headed ogre resists with significant effort.
The two-headed ogre hits you with a +0 giant club! x2
* * * LOW HITPOINT WARNING * * *
The centaur warrior zombie hits your +0 giant spiked club.
You fail to use your ability.
You feel devoid of blood!
The two-headed ogre hits you with a +0 giant club!
* * * LOW HITPOINT WARNING * * *
The two-headed ogre misses you.
The centaur warrior zombie hits your +0 giant spiked club.
Your +0 giant spiked club hits the ogre.
The centaur warrior zombie hits your +0 giant spiked club but does no damage.
One of your 14 potions of blood rots away.
Your magical contamination has completely faded away.
There is a stone staircase leading up here.
The two-headed ogre hits you with a +0 giant club!
You die...
Kikubaaqudgha rasps: "You have failed me!
Welcome... oblivion!"

#### #.###.#.# # #.###.#.# #
#.......###
##############.......######
##...........O...###......#######
.....####.####.#...#..###.......#
.#...####.# #.#......# #.#...#.#
......O.O.# #O#O..#..###.[......
.#(#.##.#.# #..@................
.#.#.#....# ####.##.####..#.##..
.#O#......# #.....[.#..####.#
.#(###...## ####.##.#.......#
.Z.# #...# #.......###### ..##
#...# #########........##
#.####...######......##........##
................####.##........##
...........#.......#.#.........##


You could see a two-headed ogre and an ogre.

Vanquished Creatures
  2 two-headed ogres (D:8)
  Nergalle (D:10)
  A kobold demonologist (D:7)
  A hippogriff (D:7)
  A spriggan (D:7)
  Eustachio (D:4)
  Menkaure (D:7)
  2 porcupines
  An ice beast (D:9)
  5 orc warriors
  2 sky beasts
  A phantom (D:8)
  A necrophage (D:9)
  2 black bears
  3 ogres
  2 centaurs
  8 big kobolds
  3 bullfrogs
  A scorpion (D:4)
  A wyvern skeleton (D:7)
  5 howler monkeys
  A centaur zombie (D:6)
  A jelly (D:7)
  2 bullfrog skeletons
  7 hounds
  3 orc priests
  5 orc wizards
  A centaur skeleton (D:9)
  An iguana (D:5)
  Natasha (thrice) (D:4)
  10 worker ants
  A hound skeleton (D:7)
  10 adders
  A river rat (D:5)
  3 shadow imps
  An ooze (D:3)
  5 worms
  A dart slug (D:3)
  4 leopard geckos
  26 orcs
  10 bats
  4 giant cockroaches
  3 goblins
  5 hobgoblins
  11 jackals
  5 quokkas
  A ball python (D:2)
  A ball python skeleton (D:4)
  4 frilled lizards
  23 kobolds
  A leopard gecko skeleton (D:4)
  A leopard gecko zombie (D:6)
  16 rats
216 creatures vanquished.

Vanquished Creatures (collateral kills)
  6 orcs
  7 kobolds
  A leopard gecko skeleton (D:8)
14 creatures vanquished.

Vanquished Creatures (others)
  2 dancing weapons
  An orc wizard (D:8)
  5 fungi
  A plant (D:6)
9 creatures vanquished.

Grand Total: 239 creatures vanquished

Notes
Turn   | Place    | Note
-------+----------+-------------------------------------------
     0 | D:1      | Nattfarinn the Vampire Enchanter began the quest for the
                  | Orb.
     0 | D:1      | Reached XP level 1. HP: 13/13 MP: 3/3
     3 | D:1      | Noticed an electric eel
     3 | D:1      | Noticed an electric eel
   164 | D:1      | Reached XP level 2. HP: 19/19 MP: 5/5
   423 | D:1      | Reached skill level 5 in Stealth
   654 | D:1      | Reached skill level 5 in Hexes
  1010 | D:2      | Found a glowing silver altar of Zin.
  1134 | D:2      | Found a white marble altar of Elyvilon.
  2299 | D:2      | Learned a level 2 spell: Ensorcelled Hibernation
  2546 | D:2      | Reached XP level 3. HP: 23/24 MP: 6/6
  3349 | D:3      | Learned a level 3 spell: Confuse
  3944 | D:3      | Reached XP level 4. HP: 26/30 MP: 7/7
  4074 | D:3      | Found an opulent altar of Gozag.
  4653 | D:3      | Reached XP level 5. HP: 20/35 MP: 9/9
  5370 | D:4      | Noticed Natasha
  5372 | D:4      | Killed Natasha
  5596 | D:4      | Noticed Natasha
  6258 | D:4      | Killed Natasha
  6404 | D:4      | Reached XP level 6. HP: 41/41 MP: 7/10
  6756 | D:4      | Noticed Grinder
  7060 | D:4      | Noticed Eustachio
  7077 | D:4      | Killed Eustachio
  7077 | D:4      | Reached XP level 7. HP: 38/46 MP: 7/12
  7406 | D:4      | Noticed Natasha
  7412 | D:4      | Killed Natasha
  7780 | D:5      | Entered Level 5 of the Dungeon
  7851 | D:5      | Found a hide-covered altar of Uskayaw.
  7915 | D:5      | Learned a level 3 spell: Tukima's Dance
  8034 | D:5      | Found a glowing drain.
  8134 | Sewer    | Entered a sewer
  8962 | Sewer    | Reached skill level 10 in Stealth
  8962 | Sewer    | Reached XP level 8. HP: 52/52 MP: 6/14
  9578 | D:5      | Reached skill level 10 in Hexes
  9841 | D:6      | Found a runed translucent gate.
  9841 | D:6      | Found a runed translucent gate.
  9841 | D:6      | Found a runed translucent gate.
  9842 | D:6      | Identified the +10 whip of Saudd {venom, Dex+4}
  9845 | D:6      | Noticed hofbold's ghost (novice VSSu)
  9977 | D:6      | Reached skill level 1 in Fighting
 10331 | D:6      | Got a transparent chain mail
 10342 | D:6      | Identified the +1 chain mail of Amelioration {Slay+3} (You
                  | found it on level 6 of the Dungeon)
 10816 | D:7      | Found a sacrificial altar of Ru.
 10824 | D:7      | Found a staircase to the Ecumenical Temple.
 10870 | D:7      | Found a glowing golden altar of the Shining One.
 10904 | Temple   | Entered the Ecumenical Temple
 10912 | Temple   | Became a worshipper of Kikubaaqudgha
 10951 | D:7      | Got a fine arbalest
 10952 | D:7      | Identified the +2 arbalest "Newt's Nightmare" {venom, rPois
                  | Str-5 Int+5 Dex+3} (You found it on level 7 of the Dungeon)
 10966 | D:7      | Reached skill level 5 in Spellcasting
 11145 | D:7      | Noticed Menkaure
 11145 | D:7      | Noticed a hippogriff
 11154 | D:7      | Killed Menkaure
 11646 | D:7      | Reached XP level 9. HP: 64/64 MP: 13/16
 12361 | D:8      | Noticed a kobold demonologist
 12369 | D:7      | Killed a kobold demonologist
 12369 | D:7      | Reached skill level 5 in Fighting
 12383 | D:7      | Reached * piety under Kikubaaqudgha
 12383 | D:7      | Identified Kikubaaqudgha's Guide on Black Arts
                  | (Kikubaaqudgha gifted it to you on level 7 of the Dungeon)
 12383 | D:7      | Received a gift from Kikubaaqudgha
 12563 | D:8      | Noticed a two-headed ogre
 13097 | D:8      | Killed a two-headed ogre
 13097 | D:8      | Reached skill level 5 in Short Blades
 13156 | D:8      | Reached XP level 10. HP: 69/77 MP: 10/19
 14001 | D:8      | Found a staircase to the Lair.
 14072 | D:8      | Noticed a two-headed ogre
 14085 | D:8      | Killed a two-headed ogre
 14201 | D:9      | Found a bloodstained altar of Trog.
 14205 | D:9      | Found a shattered altar of Ashenzari.
 14210 | D:9      | Found a shadowy altar of Dithmenos.
 14675 | D:9      | Reached ** piety under Kikubaaqudgha
 14685 | D:9      | Found Wedunzoe's Whimsical Warehouse.
 14785 | D:9      | Found Illupp's Antique Armour Shoppe.
 15200 | D:10     | Entered Level 10 of the Dungeon
 15201 | D:10     | Noticed Nergalle
 15211 | D:10     | Killed Nergalle
 15442 | D:10     | Noticed a two-headed ogre
 15476 | D:10     | Mangled by a two-headed ogre

Skill      XL: |  1  2  3  4  5  6  7  8  9 10 |
---------------+-------------------------------+-----
Stealth        | 5 6 7 8 10 | 10.7
Hexes          | 5 6 7 8 9 10 | 10.0
Spellcasting   | 3 4 5 6 7 |  7.4
Fighting       | 3 6 8 |  8.2
Short Blades   | 3 5 7 |  7.0
Dodging        | |  2.1

Action                   |  1- 3 |  4- 6 |  7- 9 | 10-12 || total
-------------------------+-------+-------+-------+-------++-------
Melee: Dagger            |   130 |   157 |   289 |    49 ||   625
       Bite              |    13 |    14 |    28 |    16 ||    71
       Short sword       |       |       |       |    73 ||    73
 Cast: Corona            |     4 |       |       |       ||     4
       Ensorcelled Hiber |     6 |    34 |    47 |    13 ||   100
       Confuse           |     1 |     6 |    11 |    25 ||    43
       Tukima's Dance    |       |       |    12 |    14 ||    26
 Abil: End Transformatio |       |     1 |     2 |     1 ||     4
       Bat Form          |       |     1 |     2 |     1 ||     4
  Use: Potion            |     3 |     6 |     5 |     3 ||    17
       Scroll            |       |       |       |     9 ||     9
 Stab: Sleeping          |    26 |    27 |    65 |    13 ||   131
       Confused          |       |     1 |     8 |    10 ||    19
       Distracted        |       |       |     3 |     1 ||     4
  Eat: Corpse            |       |     2 |     2 |       ||     4
Armor: Robe              |    19 |    22 |    61 |    20 ||   122
Dodge: Dodged            |    70 |    97 |   223 |    64 ||   454
